 Dungeon Crawl Stone Soup version 0.30.0-11-gf55b779eaf (webtiles) character file.

Game seed: 16488745335870091158

77 sampeng1 the Insei (level 4, -6/33 HPs)
             Began as a Human Transmuter on May 17, 2023.
             Mangled by a gnoll
             ... wielding a +1 whip of distortion
              (16 damage)
             ... on level 2 of the Dungeon.
             The game lasted 00:04:54 (1160 turns).

sampeng1 the Insei (Human Transmuter)               Turns: 1160, Time: 00:04:55

Health: -6/33      AC:  2    Str: 13    XL:     4   Next: 58%
Magic:  6/7        EV: 12    Int: 13    God:
Gold:   74         SH:  0    Dex: 13    Spells: 7/8 levels left

rFire   . .          .
                       - Unarmed
rCold   . . .        (no shield)
rNeg    . . .        a - +0 robe
rPois   .            (helmet currently unavailable)
rElec   .            (no cloak)
rCorr   +            (no gloves)
SInv    .            (boots currently unavailable)
Will    .....        (no amulet)
Stlth   +            f - ring of resist corrosion
HPRegen 0.25/turn    (no ring)
MPRegen 0.10/turn

%: no passive effects
@: appendages (expiring)
A: horns 2, talons 2
a: End Transformation


You were on level 2 of the Dungeon.
You had temporarily grown beastly horns and talons.
You visited 1 branch of the dungeon, and saw 2 of its levels.

You collected 74 gold pieces.

Inventory:

Armour
 a - a +0 robe (worn)
 d - +0 ice dragon scales
Jewellery
 f - a ring of resist corrosion (left hand)
Potions
 b - 2 potions of lignification
 c - 2 potions of mutation {unknown}
 e - 2 potions of heal wounds {unknown}
 g - a potion of resistance {unknown}
 h - a potion of berserk rage {unknown}


   Skills:
 + Level 1.9 Fighting
 + Level 2.6 Dodging
 + Level 3.4 Unarmed Combat
 + Level 2.5 Spellcasting
 + Level 2.6 Transmutations


You had 7 spell levels left.
You knew the following spells:

 Your Spells              Type           Power      Damage    Failure   Level
a - Beastly Appendage     Tmut           16%        N/A       9%          1

Your spell library contained the following spells:

 Spells                   Type           Power      Damage    Failure   Level
 Wereblood                Tmut           8%         N/A       12%         2
 Poisonous Vapours        Pois/Air       2%         N/A       36%         2
 Spider Form              Tmut/Pois      5%         N/A       38%         3
 Mephitic Cloud           Conj/Pois/Air  1%         N/A       58%         3
 Ice Form                 Ice/Tmut       5%         N/A       80%         4
 Freezing Cloud           Conj/Ice/Air   0%         6-21      100%        5


Dungeon Overview and Level Annotations

Branches:
Dungeon (2/15)

Altars:

Shops:
D:1 :


Innate Abilities, Weirdness & Mutations

You have temporarily grown beastly horns and talons.


Message History

You kill the jackal!
There is an open door here.
You see here a jackal corpse.
You now have 74 gold pieces (gained 11).
You see here a staff of fire.
You see here a +0 ring mail.
You see here a staff of fire.
b - 2 potions of lignification (gained 1)
e - 2 white potions (gained 1) HP restored.
Found a stone staircase leading up.
Found a stone staircase leading down.
Found a hand axe.
You see here a +0 hand axe.
A gnoll, a rat and a ball python come into view.
The gnoll is wielding a +1 whip of distortion.
The gnoll shouts!
The ball python hisses angrily.
Found a potion of brilliance.
A gnoll comes into view. It is wielding a +0 club.
Casting: Beastly Appendage (safe; 9% risk of failure)
Confirm with . or Enter, or press ? or * to list all spells.
You grow a pair of large bovine horns.
Your feet morph into talons.
You hit the ball python.
You kill the ball python!
The gnoll hits you with a +1 whip of distortion.
You blink. 2 gnolls come into view.
Found a scale mail.
The gnoll shouts! x2
The gnoll hits you with a +0 club. The gnoll attacks as you move away!
The gnoll hits you with a +0 club.
Your transformation is almost over.
A nearby plant withers and dies.
The gnoll hits the plant with a +0 halberd!
The plant begins to die.
The gnoll attacks as you move away! The gnoll hits you with a +0 club.
A nearby plant withers and dies.
The gnoll closely misses you.
The gnoll hits you with a +1 whip of distortion!
Space warps horribly around you!
You die...

#....## #..... #.####.##.##
##..... #.........##
#.....## #####......
#######......######.......#.
.............##.............
..PPP........##.###.#####...
.P.P.PP......##.# #.# #..#
P..P..P.g.g@..†.# #.# #..#
.PP...P..rg.##### #.# #..#
P.P...g.....# #.. ...#
P....P......# ### ##
..PPP.......# .[..........#
............!#
#######......# #......#


You could see 4 gnolls and a rat.

Vanquished Creatures
  Natasha (D:2)
  An adder (D:2)
  A dart slug (D:1)
  An endoplasm (D:1)
  A giant cockroach (D:1)
  4 goblins
  4 hobgoblins
  2 jackals (D:2)
  2 kobolds (D:1)
  3 quokkas
  8 ball pythons
  6 bats (D:1)
  2 frilled lizards (D:1)
  3 rats (D:1)
39 creatures vanquished.

Notes
Turn   | Place    | Note
-------+----------+-------------------------------------------
     0 | D:1      | sampeng1 the Human Transmuter began the quest for the Orb.
     0 | D:1      | Reached XP level 1. HP: 15/15 MP: 3/3
   125 | D:1      | Reached XP level 2. HP: 14/21 MP: 3/5
   409 | D:1      | Reached XP level 3. HP: 23/26 MP: 6/6
   721 | D:1      | Found Paoweash's Book Boutique.
  1008 | D:2      | Noticed Natasha
  1017 | D:2      | Killed Natasha
  1018 | D:2      | Reached XP level 4. HP: 28/33 MP: 5/7
  1160 | D:2      | Mangled by a gnoll

Illustrated notes

Levels and vault maps discovered:
D:1:      dpeg_arrival_fog, layout_loops_cross, serial_shops, shop
D:2:      layout_basic, grunt_ministairs_9, nicolae_grassy_gnolls, uniq_natasha

Action                     |  1- 3 |  4- 6 || total
---------------------------+-------+-------++-------
  Melee: Unarmed           |   135 |    12 ||   147
         Kick              |    12 |     4 ||    16
         Headbutt          |     2 |       ||     2
         Punch             |     2 |       ||     2
   Cast: Beastly Appendage |     8 |     1 ||     9
    Use: Scroll            |     1 |       ||     1
 Armour: Robe              |    37 |     1 ||    38
  Dodge: Dodged            |   104 |    13 ||   117
